 Dungeon Crawl Stone Soup version 0.31-a0-431-g88bdf31460 (webtiles) character file.

Game seed: 18208208425035533035

970 lunkers the Grappler (level 8, -9/59 HPs)
             Began as a Meteoran Shapeshifter on July 31, 2023.
             Was a Believer of Lugonu.
             Mangled by a gnoll
             ... wielding a +0 halberd
             ... led by a gnoll bouda
              (10 damage)
             ... on level 6 of the Dungeon.
             The game lasted 00:05:49 (2111 turns).

lunkers the Grappler (Meteoran Shapeshifter)        Turns: 2111, Time: 00:05:50

Health: -9/59      AC:  7    Str: 18    XL:     8   Next: 65%
Magic:  9/9        EV: 10    Int:  9    God:    Lugonu [**....]
Gold:   103        SH:  0    Dex: 16    Spells: 7/7 levels left

rFire   . .          .
                       - Unarmed
rCold   + . .        (no shield)
rNeg    . . .        q - +1 scale mail {rC+}
rPois   .            (helmet currently unavailable)
rElec   .            (cloak currently unavailable)
rCorr   .            (gloves currently unavailable)
SInv    .            (boots currently unavailable)
Will    +....        (no amulet) Stlth
                     (no ring)
HPRegen 0.29/turn    (no ring)
MPRegen 0.11/turn

%: no passive effects
@: beast-form, weakened, glowing
A: beast (slay +4), sense surroundings 1, otherworldly, glowing, explore regen
a: Begin Untransformation, Renounce Religion, Depart the Abyss, Banish


You were on level 6 of the Dungeon.
You worshipped Lugonu.
Lugonu was pleased with you.
You were a hulking beast.
You visited 1 branch of the dungeon, and saw 6 of its levels.

You collected 103 gold pieces.

Inventory:

Armour
 a - a +1 animal skin
 g - a +0 buckler
 j - a +0 ring mail
 q - a +1 scale mail of cold resistance (worn)
Talismans
 c - a beast talisman (active)
 f - a serpent talisman
 k - a maw talisman
Wands
 n - a wand of polymorph (10)
 t - a wand of paralysis (13)
Scrolls
 o - a scroll of enchant weapon
Potions
 b - a potion of curing {unknown}
 d - 2 potions of heal wounds {unknown}
 e - 2 potions of might {unknown}
 h - 2 potions of haste
 i - a potion of ambrosia {unknown}
 l - 2 potions of attraction {unknown}
 m - a potion of invisibility {unknown}
 r - a potion of mutation {unknown}
 u - a potion of brilliance {unknown}


   Skills:
 - Level 1.1 Fighting
 - Level 2.4 Dodging
 * Level 9.7 Unarmed Combat
 + Level 6.3 Shapeshifting


You had 7 spell levels left.
You didn't know any spells.
Your spell library contained the following spells:

 Spells                   Type           Power      Damage    Failure   Level
 Magic Dart               Conj           0%         1d3       80%         1
 Shock                    Conj/Air       0%         1d3       80%         1
 Call Imp                 Summ           0%         N/A       91%         2
 Lesser Beckoning         Tloc           0%         N/A       91%         2
 Gell's Gravitas          Tloc           0%         N/A       99%         3
 Mephitic Cloud           Conj/Pois/Air  0%         N/A       99%         3
 Swiftness                Air            0%         N/A       99%         3
 Teleport Other           Tloc           0%         N/A       99%         3
 Airstrike                Air            0%         2d(0-16)  100%        4
 Dispersal                Tloc           0%         N/A       100%        6


Dungeon Overview and Level Annotations

Branches:
Dungeon (6/15) Zot: 1530   Temple (0/1) D:6

Altars:
Lugonu

Annotations:
D:4 Dowan, Duvessa


Innate Abilities, Weirdness & Mutations

You are a hulking beast.
Your limbs bulge with bestial killing power. (Slay +4)
You passively map a small area around you.
You are easily found by Zot.
You glow in the dark.
You regain HP and MP as you explore.


Message History

The gnoll bouda barely misses you.
You hit the gnoll.
You kill the gnoll!
Lugonu accepts your kill. The gnoll closely misses your centaur.
The gnoll hits you from afar with a +0 spear.
* * * LOW HITPOINT WARNING * * *
The gnoll hits you from afar with a +0 halberd.
* * * LOW HITPOINT WARNING * * *
Your centaur closely misses the gnoll.
Your centaur kicks the gnoll but does no damage.
The gnoll hits you with a +0 whip.
* * * LOW HITPOINT WARNING * * *
You hit the gnoll bouda.
The gnoll bouda is lightly wounded.
The gnoll is no longer moving quickly.
The gnoll bouda gazes fiercely through you!
You feel as though you will be weak longer.
The gnoll bouda hits you with a +0 whip.
* * * LOW HITPOINT WARNING * * *
Your centaur closely misses the gnoll.
Your centaur kicks the gnoll but does no damage.
The gnoll hits your centaur with a +0 flail!
The gnoll hits you from afar with a +0 halberd.
* * * LOW HITPOINT WARNING * * *
The gnoll closely misses you. x2
You hit the gnoll bouda.
The gnoll bouda is moderately wounded.
The gnoll hits you from afar with a +0 spear.
* * * LOW HITPOINT WARNING * * *
Your centaur hits the gnoll.
Your centaur barely misses the gnoll.
The gnoll hits you with a +0 whip.
* * * LOW HITPOINT WARNING * * *
The gnoll bouda hits you with a +0 whip.
* * * LOW HITPOINT WARNING * * *
The gnoll hits your centaur with a +0 flail.
The gnoll hits you from afar with a +0 spear.
* * * LOW HITPOINT WARNING * * *
The gnoll hits you from afar with a +0 halberd!
You die...

*,,,,,,...# *,,,*** **,
*#######..##♣###** **
###......?#♣♣♣♣
###.####..###♣♣
###.####.)####### **
###.####...###..######*,
***#...####cg..###......##*
*,,....###ggg............##
*,*###.###h###.............
*,*###..##g####.........)..
*,,....g.g5g...............
*,,..#.#.gh.#.##...........
*,,#.#.#.##.#..............
*,,#...........#...........
*,,...##.#.#.#.#...#..##<..
*,,.#....#.#.#...#.#..##...
*,,,*,,,,,,,,,...#.##.[....


You could see a gnoll bouda, a hound, 7 gnolls, a white imp and a friendly
centaur (summoned).

Vanquished Creatures
  Sigmund (D:3)
  Menkaure (D:4)
  A centaur (D:5)
  A scorpion (D:5)
  A gnoll sergeant (D:5)
  A jelly (D:5)
  4 hounds
  2 gnoll boudas
  Natasha (thrice) (D:4)
  5 adders
  9 gnolls
  A shadow imp (D:5)
  2 worms
  9 orcs
  5 endoplasms
  4 goblins
  9 hobgoblins
  4 jackals (D:2)
  A kobold (D:2)
  2 quokkas
  A ball python (D:2)
  2 bats
  5 frilled lizards
  2 rats
76 creatures vanquished.

Notes
Turn   | Place    | Note
-------+----------+-------------------------------------------
     0 | D:1      | lunkers the Meteoran Shapeshifter began the quest for the
                  | Orb.
     0 | D:1      | Reached XP level 1. HP: 16/16 MP: 2/2
   102 | D:1      | Reached skill level 4 in Unarmed Combat
   106 | D:1      | Reached XP level 2. HP: 14/23 MP: 3/3
   227 | D:2      | Reached XP level 3. HP: 19/28 MP: 4/4
   561 | D:2      | Reached skill level 5 in Unarmed Combat
   561 | D:2      | Reached XP level 4. HP: 35/35 MP: 5/5
   655 | D:2      | Found a faded altar of an unknown god.
   662 | D:2      | Prayed at the altar of an unknown god.
   662 | D:2      | Became a worshipper of Lugonu the Unformed
   662 | D:2      | Reached * piety under Lugonu
   869 | D:3      | Noticed Sigmund
   882 | D:3      | Killed Sigmund
   883 | D:3      | Reached skill level 6 in Unarmed Combat
   883 | D:3      | Reached XP level 5. HP: 33/40 MP: 6/6
   883 | D:3      | Reached XP level 6. HP: 38/47 MP: 7/7
  1060 | D:4      | Noticed Duvessa
  1060 | D:4      | Noticed Dowan
  1081 | D:4      | Noticed Menkaure
  1087 | D:4      | Killed Menkaure
  1088 | D:4      | Reached skill level 7 in Unarmed Combat
  1088 | D:4      | Reached skill level 5 in Shapeshifting
  1088 | D:4      | Reached XP level 7. HP: 52/52 MP: 8/8
  1178 | D:4      | Noticed Natasha
  1191 | D:4      | Killed Natasha
  1275 | D:4      | Noticed Natasha
  1289 | D:4      | Killed Natasha
  1377 | D:4      | Reached ** piety under Lugonu
  1437 | D:5      | Entered Level 5 of the Dungeon
  1443 | D:5      | Reached skill level 8 in Unarmed Combat
  1537 | D:5      | Reached XP level 8. HP: 55/59 MP: 9/9
  1701 | D:5      | Reached skill level 9 in Unarmed Combat
  1745 | D:4      | Noticed Natasha
  1754 | D:4      | Killed Natasha
  2111 | D:6      | HP: 2/59 [gnoll bouda/+0 whip (2)]
  2111 | D:6      | Mangled by a gnoll

Illustrated notes

Levels and vault maps discovered:
D:1:      lightli_arrival_farm, layout_basic
D:2:      layout_basic, serial_corexii_hall, chequers_hall_statues_wall_a,
          corexii_hall_statues_x, dilly_ecumenical_altar_fadedgnrine,
          uniq_jessica
D:3:      layout_rooms, uniq_sigmund, uniq_robin
D:4:      minmay_thinvault, layout_basic, uniq_duvessa, uniq_natasha,
          uniq_menkaure
D:5:      nicolae_cairo_tiling, layout_loops_ring, nicolae_grassy_gnolls
D:6:      layout_rooms, cheibriados_altar_1, minmay_overflow_temple_hex,
          minmay_temple_entry_ruins, hangedman_abyss_or_decor_passed,
          uniq_crazy_yiuf_cottage

Skill      XL: |  1  2  3  4  5  6  7  8 |
---------------+-------------------------+-----
Unarmed Combat | 4 5 6 7 8 9 |  9.7
Shapeshifting  | 4 5 6 |  6.3
Fighting       | |  1.1
Dodging        | |  2.4

Action                     |  1- 3 |  4- 6 |  7- 9 || total
---------------------------+-------+-------+-------++-------
  Melee: Unarmed           |    38 |    54 |   133 ||   225
         Punch             |     1 |     2 |     9 ||    12
    Use: Potion            |       |     2 |     1 ||     3
         Scroll            |       |       |     6 ||     6
 Armour: Animal skin       |     6 |    12 |    19 ||    37
         Skin              |       |     4 |       ||     4
         Scale mail        |       |       |    13 ||    13
  Dodge: Dodged            |     7 |    22 |    59 ||    88

Table legend: (Time is in decaauts)
 A = Elapsed time spent in this place.
 B = Non-inter-level travel time spent in this place.
 C = Inter-level travel time spent in this place.
 D = Time resting spent in this place.
 E = Time spent auto-exploring this place.
 F = Levels seen in this place.
 G = Mean time per level.
                   A        B        C        D        E       F      G
               +--------+--------+--------+--------+--------+-----+--------+
         Total |   2068 |   1911 |    157 |     50 |   1160 |   6 |  344.7 |
       Dungeon |   2068 |   1911 |    157 |     50 |   1160 |   6 |  344.7 |
               +--------+--------+--------+--------+--------+-----+--------+

Top non-repeatable levels by time:
     D:2: 621 daAuts
     D:5: 552 daAuts
     D:4: 392 daAuts
     D:3: 293 daAuts
     D:1: 164 daAuts
     D:6: 45 daAuts
